 Dungeon Crawl Stone Soup version 0.29.0-4-gdea44cf6ec (webtiles) character file.

Game seed: 7069860559265648180

11 qw the Chopper (level 2, -1/17 HPs)
             Began as a Tengu Warper on Aug 28, 2022.
             Slain by a kobold
             ... wielding a +0 dagger
              (3 damage)
             ... on level 1 of the Dungeon.
             The game lasted 00:00:01 (617 turns).

qw the Chopper (Tengu Warper)                        Turns: 617, Time: 00:00:02

Health: -1/17      AC:  3    Str: 11    XL:     2   Next: 25%
Magic:  6/6        EV: 11    Int: 13    God:
Gold:   40         SH:  0    Dex: 13    Spells: 5/5 levels left

rFire   . . .      SeeInvis .   a - +0 hand axe
rCold   . . .      Faith    .   (no shield)
rNeg    . . .      Spirit   .   b - +0 leather armour
rPois   .          Reflect  .   (helmet restricted)
rElec   .          Harm     .   (no cloak)
rCorr   .          Rampage  .   (no gloves)
Will    .....                   (boots unavailable)
Stlth   +.........              (no amulet)
HPRegen 0.05/turn               (no ring)
MPRegen 0.10/turn               (no ring)

@: no status effects
A: beak, talons 3
a: no special abilities


You were on level 1 of the Dungeon.
You visited 1 branch of the dungeon, and saw 1 of its levels.

You collected 40 gold pieces.


Innate Abilities, Weirdness & Mutations

You have a beak for a mouth.
You have claws for feet.


   Skills:
 - Level 2.0 Fighting
 + Level 3.2 Axes
 - Level 1.0 Throwing
 - Level 1.1 Armour
 - Level 2.1 Dodging
 - Level 2.0 Spellcasting
 - Level 2.4 Translocations


You had 5 spell levels left.
You didn't know any spells.
Your spell library contained the following spells:

 Spells                   Type           Power      Damage    Failure   Level
 Blink                    Tloc           14%        N/A       19%         2
 Gell's Gravitas          Tloc           7%         N/A       36%         3
 Lesser Beckoning         Tloc           7%         N/A       36%         3
 Teleport Other           Tloc           7%         N/A       36%         3
 Manifold Assault         Tloc           7%         N/A       98%         5

Inventory:

Hand Weapons
 a - a +0 hand axe (weapon)
Missiles
 d - a boomerang of dispersal (quivered)
Armour
 b - a +0 leather armour (worn)
 f - an orb of guile
 h - a +0 ring mail
Scrolls
 c - a scroll of blinking
 i - a scroll of teleportation {unknown}
 k - a scroll of poison {unknown}
Potions
 e - a potion of degeneration {unknown}
 g - a potion of ambrosia {unknown}
 j - 2 potions of heal wounds {unknown}
 l - a potion of berserk rage {unknown}

Dungeon Overview and Level Annotations

Branches:
Dungeon (1/15)

Altars:


Message History

A rat comes into view.
The dart slug bites you.
The kobold moves out of view.
You hit the dart slug.
The dart slug is heavily wounded.
A rat comes into view.
The dart slug misses you.
You hit the dart slug but do no damage.
You claw the dart slug, but do no damage.
The dart slug is heavily wounded.
The giant cockroach bites you but does no damage.
You hit the dart slug but do no damage. You claw the dart slug.
You kill the dart slug!
You closely miss the giant cockroach. The giant cockroach bites you.
Your Axes skill increases to level 3!
You have reached level 2!
You barely miss the giant cockroach. Your kick misses the giant cockroach.
The giant cockroach bites you.
You closely miss the giant cockroach. Your peck misses the giant cockroach.
The giant cockroach bites you but does no damage.
The giant cockroach barely misses you. The rat closely misses you.
You hit the giant cockroach. Your kick misses the giant cockroach.
You peck the giant cockroach.
The giant cockroach is almost dead.
You closely miss the rat. You hit the kobold.
The giant cockroach bites you but does no damage.
The rat closely misses you. The kobold hits you with a +0 dagger.
You hit the giant cockroach.
You kill the giant cockroach!
You hit the rat.
You kill the rat!
You closely miss the kobold.
A bat comes into view.
The kobold closely misses you.
The bat moves out of view.
You completely miss the kobold. Your peck misses the kobold.
Your punch misses the kobold.
The kobold is severely wounded.
You hit the rat.
You kill the rat!
The kobold hits you with a +0 dagger.
You die...

######.............
....######..#....##....
...........#....##....
..######.##....##.... .
##............. #.
#......###..... #.#
#......'.#.....
##..###......#.#.....
#...@....#...#.#.##..
......K####.#.#.#.#.##..
#.....# #.#.#.#.#.##..
#....# #.#.#.#.#.##..
..### #.###.#.#.#... .
#.. ..#.#.#.#. ### ###
#.#... #.#### #.....


You could see a kobold.

Vanquished Creatures
  A dart slug (D:1)
  An endoplasm (D:1)
  A giant cockroach (D:1)
  A hobgoblin (D:1)
  A bat (D:1)
  A frilled lizard (D:1)
  2 goblins (D:1)
  2 rats (D:1)
10 creatures vanquished.

Notes
Turn   | Place    | Note
-------+----------+-------------------------------------------
     0 | D:1      | qw the Tengu Warper began the quest for the Orb.
     0 | D:1      | Reached XP level 1. HP: 12/12 MP: 4/4
     0 | D:1      | 0 ||| qw: Version: 0.1-a-89-g26bdef1
     0 | D:1      | 0 ||| qw: Game counter: 603
     0 | D:1      | 0 ||| qw: Always use a shield: true
     0 | D:1      | 0 ||| qw: God list: Okawaru
     0 | D:1      | 0 ||| qw: Allow faded altars: false
     0 | D:1      | 0 ||| qw: Do Orc after D:15 true
     0 | D:1      | 0 ||| qw: Do second Lair branch before Depths: true
     0 | D:1      | 0 ||| qw: Lair rune preference: random
     0 | D:1      | 0 ||| qw: Plans: Normal
     0 | D:1      | 0 ||| PLANNING D:1-11
   257 | D:1      | HP: 2/12 [frozen (5)]
   612 | D:1      | HP: 3/12 [giant cockroach (1)]
   613 | D:1      | Reached skill level 3 in Axes
   613 | D:1      | Reached XP level 2. HP: 5/17 MP: 6/6
   617 | D:1      | Slain by a kobold

Levels and vault maps discovered:
D:1:      dpeg_arrival_more_subterranean_lakeside_camping, layout_basic,
          minmay_bisected

Skill      XL: |  1 |
---------------+----+-----
Axes           | 3 |  3.2
Fighting       | |  2.0
Throwing       | |  1.0
Armour         | |  1.1
Dodging        | |  2.1
Spellcasting   | |  2.0
Translocations | |  2.4

Action                   || total
-------------------------++-------
Melee: Hand axe          ||    18
       Kick              ||     4
       Peck              ||     2
       Punch             ||     1
Throw: Boomerang         ||     6
Armor: Leather armour    ||     7
Dodge: Dodged            ||     7

Table legend:
 A = Non-vault XP
 B = Vault XP
 C = Vault XP percentage of total XP
 D = Non-vault monster count
 E = Vault monster count
 F = Vault count percentage of total count
                 A         B        C        D         E       F
            +---------+---------+-------+---------+---------+-------
      Total |      13 |       4 |  23.5 |       7 |       3 |  30.0
            +---------+---------+-------+---------+---------+-------
        D:1 |      13 |       4 |  23.5 |       7 |       3 |  30.0
            +---------+---------+-------+---------+---------+-------
